AoeStats
← 中年不油妮

Fortress

508723087Analyzed
4v4 RM · 8d ago on Sep 23, 2026· 56m 5s· 8 players
Game mode
Random Map
Map size
Huge
Population
200
Speed
Normal
Resources
Standard
Victory
Conquest
Starting age
Dark Age
Ending age
Imperial Age
RankedLock teamsTeams togetherTeam positionsShared explorationLock speedFull tech treeHidden civsTurbo modeCheats
Victory
Defeat
🇫🇷 Mongols · France
1221
+13
🇬🇧 Magyars · United Kingdom
1170
+15
🇧🇪 Varangians · Belgium
1152
+16
🇸🇪 Romans · Sweden
1149
+17
🇹🇷 Goths · Türkiye
1170
-16
🇹🇷 Saracens · Türkiye
1161
-15
🇹🇷 Bohemians · Türkiye
1150
-15
🇹🇷 Bulgarians · Türkiye
1143
-15
中年不油妮
8:20 Feudal Age
9:14 Double-Bit Axe
12:03 Castle Age
10:06 Horse Collar
13:02 Bow Saw
13:30 Heavy Plow
18:14 Wheelbarrow
18:37 Gold Mining
18:40 Loom
18:52 Stone Mining
19:47 Hand Cart
22:46 Gold Shaft Mining
25:03 Imperial Age
22:29 Fletching
22:39 Padded Archer Armor
24:00 Bloodlines
23:50 Husbandry
23:47 Bodkin Arrow
24:08 Leather Archer Armor
25:02 Thumb Ring
25:54 Bracer
26:24 Ring Archer Armor
26:58 Chemistry
27:03 Two-Man Saw
26:55 Conscription
27:06 Parthian Tactics
27:13 Heavy Cavalry Archer
29:56 Recurve Bow
33:01 Caravan
33:36 Ballistics
35:26 Coinage
37:35 Banking
40:42 Corvinian Army
45:30 Scale Barding Armor
45:33 Elite Magyar Huszar
48:45 Chain Barding Armor
53:45 Plate Barding Armor
jack_the_snowman
7:15 Feudal Age
10:51 Castle Age
9:00 Horse Collar
9:08 Double-Bit Axe
13:05 Loom
17:02 Wheelbarrow
16:13 Town Watch
18:20 Bow Saw
18:53 Gold Mining
20:32 Gold Shaft Mining
20:59 Hand Cart
20:52 Fletching
21:51 Bloodlines
21:42 Husbandry
21:39 Bodkin Arrow
23:40 Ballistics
23:28 Padded Archer Armor
26:18 Imperial Age
25:24 Leather Archer Armor
27:04 Bracer
28:22 Chemistry
29:35 Scale Barding Armor
29:41 Forging
28:53 Light Cavalry
31:09 Chain Barding Armor
34:17 Iron Casting
35:41 Conscription
36:24 Blast Furnace
40:20 Siege Engineers
39:48 Hussar
42:21 Masonry
42:55 Elite Mangudai
45:09 Heavy Plow
45:54 Caravan
47:08 Stone Mining
50:48 Murder Holes
bitwise
7:01 Feudal Age
8:11 Horse Collar
8:27 Loom
12:15 Castle Age
10:06 Man-at-Arms
10:43 Double-Bit Axe
13:10 Bow Saw
15:01 Gold Mining
15:14 Scale Mail Armor
16:08 Fletching
17:22 Loom
20:38 Stone Mining
21:36 Wheelbarrow
21:44 Heavy Plow
25:31 Imperial Age
22:48 Long Swordsman
24:28 Chain Mail Armor
24:23 Forging
25:02 Bloodlines
24:52 Husbandry
25:29 Ballistics
25:45 Hand Cart
25:41 Squires
27:39 Chemistry
27:07 Conscription
27:51 Masonry
27:41 Bodkin Arrow
28:45 Town Watch
29:12 Ballistas
30:28 Iron Casting
31:45 Heavy Scorpion
32:55 Siege Engineers
33:22 Pikeman
35:04 Blast Furnace
34:56 Crop Rotation
35:26 Halberdier
38:41 Comitatenses
37:41 Elite Centurion
40:35 Architecture
41:18 Caravan
42:36 Scale Barding Armor
42:41 Legionary
44:17 Gold Shaft Mining
47:42 Capped Ram
49:21 Fortified Wall
50:44 Siege Ram
Dr_Glijpo
6:01 Feudal Age
8:35 Double-Bit Axe
12:18 Castle Age
11:18 Horse Collar
14:22 Bow Saw
19:23 Gold Mining
21:31 Scale Barding Armor
25:24 Bloodlines
27:01 Husbandry
29:03 Forging
40:48 Chain Barding Armor
41:20 Iron Casting
41:00 Caravan
47:54 Imperial Age
46:00 Wheelbarrow
45:12 Loom
45:13 Town Watch
47:24 Vendel Legacy
48:35 Hand Cart
48:21 Cavalier
49:25 Conscription
49:22 Elite Jarl
52:18 Blast Furnace
51:54 Plate Barding Armor
hakanyao
0:36 Loom
9:07 Feudal Age
14:53 Castle Age
14:37 Horse Collar
14:45 Double-Bit Axe
14:53 Stone Mining
14:56 Gold Mining
18:27 Bow Saw
18:54 Stirrups
22:08 Wheelbarrow
27:56 Imperial Age
26:52 Heavy Plow
27:49 Gold Shaft Mining
28:17 Scale Barding Armor
28:23 Forging
28:16 Husbandry
28:35 Bloodlines
29:32 Hand Cart
29:45 Conscription
31:08 Elite Konnik
34:40 Chain Barding Armor
34:56 Iron Casting
37:19 Fletching
37:29 Padded Archer Armor
38:05 Plate Barding Armor
37:47 Elite Skirmisher
38:32 Thumb Ring
42:04 Chemistry
42:40 Ballistics
43:21 Leather Archer Armor
43:01 Bodkin Arrow
44:07 Blast Furnace
43:07 Scale Mail Armor
50:26 Bracer
kagan_ant
7:00 Feudal Age
10:44 Castle Age
9:36 Gold Mining
10:20 Double-Bit Axe
11:34 Loom
16:42 Town Watch
17:23 Bow Saw
24:46 Imperial Age
22:11 Horse Collar
23:04 Forging
24:27 Scale Barding Armor
25:52 Conscription
26:22 Wheelbarrow
26:00 Town Patrol
26:00 Stone Mining
26:24 Bloodlines
26:39 Heavy Camel Rider
28:32 Husbandry
30:46 Chain Barding Armor
33:53 Plate Barding Armor
33:42 Hand Cart
34:54 Iron Casting
38:37 Fletching
38:47 Padded Archer Armor
40:34 Blast Furnace
39:31 Bodkin Arrow
39:51 Leather Archer Armor
38:59 Elite Skirmisher
40:06 Thumb Ring
43:11 Ring Archer Armor
42:41 Bracer
44:01 Scale Mail Armor
45:34 Heavy Plow
46:22 Ballistics
47:03 Chemistry
49:40 Masonry
jackalius
8:32 Feudal Age
8:53 Loom
13:10 Castle Age
11:29 Double-Bit Axe
17:26 Imperial Age
18:18 Chemistry
22:08 Padded Archer Armor
30:04 Elite Skirmisher
35:47 Fletching
47:54 Bodkin Arrow
48:21 Leather Archer Armor
48:54 Wheelbarrow
49:49 Ring Archer Armor
XOLTAR
8:31 Feudal Age
7:50 Loom
10:06 Double-Bit Axe
12:40 Castle Age
11:34 Horse Collar
11:47 Gold Mining
15:29 Man-at-Arms
16:39 Long Swordsman
20:07 Scale Mail Armor
21:46 Squires
22:26 Forging
24:13 Wheelbarrow
24:23 Sanctity
28:09 Anarchy
28:39 Elite Skirmisher
29:11 Fletching
30:57 Pikeman
35:28 Padded Archer Armor
43:03 Imperial Age
43:08 Two-Handed Swordsman
43:32 Halberdier
50:35 Hand Cart
49:46 Light Cavalry
50:37 Bloodlines
50:29 Husbandry
50:06 Cavalier
50:35 Hussar
51:33 Town Watch
51:54 Heavy Plow
Connection lost

Rejoining the realm…

Still unreachable

The connection could not be restored.

Session expired

The server has moved on; the page needs a fresh start.